 Dungeon Sprint DCSS version 0.21.1-1-g345015f (webtiles) character file.

1148 wilfster70 the Carver (level 8, -4/103 HPs)
             Began as a Demonspawn Berserker on June 21, 2018.
             Was a Priest of Trog.
             Slain by a centaur warrior (8 damage)
             ... in the Dungeon (Sprint I: "Red Sonja").
             The game lasted 00:03:41 (776 turns).

wilfster70 the Carver (Demonspawn Berserker)         Turns: 776, Time: 00:03:42

Health: -4/103     AC:  8    Str: 23    XL:     8   Next: 15%
Magic:  8/8        EV: 16    Int:  9    God:    Trog [***...]
Gold:   360        SH:  0    Dex: 14    Spells: 7/7 levels left

rFire    . . .     SeeInvis +   a - +0 falchion (elec)
rCold    . . .     Gourm    .   (no shield)
rNeg     + . .     Faith    .   j - +2 leather armour "Hoarapt" {rElec rN+}
rPois    .         Spirit   .   (helmet unavailable)
rElec    +         Reflect  .   (no cloak)
rCorr    .         Harm     .   (no gloves)
MR       .....     NoTele   +   (no boots)
Stlth    ..........             (no amulet)
HPRegen  0.27/turn              (no ring)
MPRegen  0.11/turn              (no ring)

@: berserking, very quick
A: antennae 3, icy blue scales 1, demonic guardian 1
a: Berserk, Trog's Hand, Burn Spellbooks, Renounce Religion


You were in the Dungeon.
You worshipped Trog.
Trog was most pleased with you.
You were hungry.

You visited 1 branch You collected 556 gold pieces.
You spent 196 gold pieces at shops.

Inventory:

Hand Weapons
 a - a +0 falchion of electrocution (weapon)
Armour
 j - the +2 leather armour "Hoarapt" (worn) {rElec rN+}
   (You bought it in a shop in the Dungeon)

   It insulates you from electricity.
   It protects you from negative energy.
Jewellery
 k - an uncursed amulet of magic regeneration
Wands
 h - a wand of polymorph (8)
Scrolls
 i - a scroll of blinking
Potions
 d - a potion of curing
 e - a potion of heal wounds
 f - a potion of haste
 g - 2 potions of magic


   Skills:
 + Level 8.7 Fighting
 * Level 10.7 Long Blades
 + Level 7.6 Armour
 + Level 7.6 Dodging


You had 7 spell levels left.
You didn't know any spells.

Dungeon Overview and Level Annotations

Branches:
Dungeon (1/1)

Altars:
Cheibriados
Dithmenos
Elyvilon
Fedhas
Gozag
Hepliaklqana
Kikubaaqudgha
Makhleb
Nemelex Xobeh
Okawaru
Qazlal
Ru
Sif Muna
Trog
Uskayaw
Vehumet
Wu Jian
Xom
Yredelemnul
Zin
The Shining One
Jiyva
Lugonu

Shops:
D ([[


Innate Abilities, Weirdness & Mutations

You have a pair of large antennae on your head. (SInv)
You are partially covered in icy blue scales. (AC +2)
A weak demonic guardian rushes to your aid.


Message History

The centaur warrior unwields an uncursed longbow.
The centaur warrior hits you!
* * * LOW HITPOINT WARNING * * *
A red film seems to cover your vision as you go berserk!
You feel yourself moving faster!
You feel mighty!
You are feeling hungry.
The centaur warrior hits you.
* * * LOW HITPOINT WARNING * * *
The centaur warrior hits you!
* * * LOW HITPOINT WARNING * * *
You hit the centaur warrior.
The centaur warrior is lightly wounded.
The centaur warrior misses you. The centaur warrior hits you!
* * * LOW HITPOINT WARNING * * *
You barely miss the centaur warrior.
The centaur warrior is lightly wounded.
The centaur warrior hits you.
* * * LOW HITPOINT WARNING * * *
The centaur warrior hits you!
You die...

################
#..)..#.)'..#__# {
'÷.#..'..#..'..+ {
#####'#####'#__####{
####..#...#.####§§#
#__####..##.#§§§§§#
#_____##'#_.+§≈§@c+ {
#_.∩...'..._#(§5§c#
#_..__##_.#'##(#### {
#_____###'#.#§)§.###{
#########÷####'###(##
.......'.).'.....'.∩#
++++####...##########
{ ##.## { { #+# {{


You could see 2 centaur warriors and a friendly ufetubus.

Vanquished Creatures
  A deep troll (D)
  A slime creature (D)
  A yak (D)
  A sky beast (D)
  An ogre (D)
  A jelly (D)
  Ijyb (D)
7 creatures vanquished.

Vanquished Creatures (collateral kills)
  Sigmund (D)
1 creature vanquished.

Grand Total: 8 creatures vanquished

Notes
Turn   | Place    | Note
-------+----------+-------------------------------------------
     0 | D        | wilfster70 the Demonspawn Berserker began the quest for the Orb.
     0 | D        | Reached XP level 1. HP: 18/18 MP: 1/1
     1 | D        | Noticed Ijyb
    15 | D        | Killed Ijyb
    15 | D        | Reached skill level 4 in Long Blades
    15 | D        | Gained mutation: You are partially covered in icy blue scales. (AC +2) [demonic ancestry]
    15 | D        | Reached XP level 2. HP: 24/25 MP: 2/2
   109 | D        | Noticed an ogre
   113 | D        | Killed an ogre
   113 | D        | Reached skill level 5 in Fighting
   113 | D        | Reached skill level 5 in Long Blades
   113 | D        | Gained mutation: A weak demonic guardian rushes to your aid. [demonic ancestry]
   113 | D        | Reached XP level 3. HP: 33/33 MP: 3/3
   113 | D        | Reached XP level 4. HP: 39/39 MP: 4/4
   155 | D        | Noticed Sigmund
   165 | D        | Killed Sigmund
   165 | D        | Reached ** piety under Trog
   165 | D        | Reached skill level 7 in Long Blades
   165 | D        | Reached skill level 5 in Armour
   165 | D        | Reached skill level 5 in Dodging
   165 | D        | Gained mutation: You have a pair of small antennae on your head. [demonic ancestry]
   165 | D        | Reached XP level 5. HP: 46/46 MP: 5/5
   223 | D        | Found a deep blue altar of Sif Muna.
   224 | D        | Found an ornate altar of the Wu Jian Council.
   225 | D        | Found a radiant altar of Vehumet.
   229 | D        | Found a viscous altar of Jiyva.
   229 | D        | Found a corrupted altar of Lugonu.
   229 | D        | Noticed a slime creature
   230 | D        | Found a burning altar of Makhleb.
   230 | D        | Found a shimmering altar of Xom.
   234 | D        | Gained mutation: You have a pair of antennae on your head. [demonic ancestry]
   234 | D        | Reached XP level 6. HP: 44/53 MP: 6/6
   240 | D        | Killed a slime creature
   240 | D        | Reached skill level 8 in Long Blades
   410 | D        | Found Ciwetorgh's Antique Armour Emporium.
   410 | D        | Found an ancient bone altar of Kikubaaqudgha.
   410 | D        | Found a hazy altar of Hepliaklqana.
   410 | D        | Found a hide-covered altar of Uskayaw.
   410 | D        | Found a basalt altar of Yredelemnul.
   410 | D        | Found an opulent altar of Gozag.
   410 | D        | Found a snail-covered altar of Cheibriados.
   410 | D        | Found a sacrificial altar of Ru.
   410 | D        | Found a shadowy altar of Dithmenos.
   410 | D        | Noticed a yak
   415 | D        | Killed a yak
   415 | D        | Reached *** piety under Trog
   415 | D        | Reached skill level 9 in Long Blades
   415 | D        | Reached XP level 7. HP: 60/60 MP: 7/7
   416 | D        | Found a stormy altar of Qazlal.
   416 | D        | Found a blossoming altar of Fedhas.
   416 | D        | Found a bloodstained altar of Trog.
   416 | D        | Found an iron altar of Okawaru.
   416 | D        | Found a glowing golden altar of the Shining One.
   416 | D        | Found a glowing silver altar of Zin.
   416 | D        | Found a white marble altar of Elyvilon.
   417 | D        | Found a sparkling altar of Nemelex Xobeh.
   421 | D        | Bought a twisted leather armour for 196 gold pieces
   431 | D        | Identified the +2 leather armour "Hoarapt" {rElec rN+} (You bought it in a shop in the Dungeon)
   439 | D        | Noticed Sonja
   440 | D        | Noticed Sonja
   440 | D        | Sonja changed into Sonja the sky beast
   448 | D        | Killed Sonja the sky beast
   471 | D        | Found Sych's Antique Weapon Boutique.
   491 | D        | Noticed a deep troll
   504 | D        | Killed a deep troll
   504 | D        | Reached skill level 10 in Long Blades
   504 | D        | Gained mutation: You have a pair of large antennae on your head. (SInv) [demonic ancestry]
   504 | D        | Reached XP level 8. HP: 20/69 MP: 8/8
   514 | D        | Found Hoach's Armour Emporium.
   771 | D        | Noticed a centaur warrior
   772 | D        | Noticed a centaur warrior
   776 | D        | HP: 4/103 [centaur warrior (3)]
   776 | D        | Slain by a centaur warrior

Skill      XL: |  1  2  3  4  5  6  7 |
---------------+----------------------+-----
Long Blades    | 4 5 7 9 10 | 10.7
Armour         | 2 4 5 6 7 |  7.6
Dodging        | 2 4 5 6 7 |  7.6
Fighting       | 5 6 7 8 |  8.7

Action                   |  1- 3 |  4- 6 |  7- 9 || total
-------------------------+-------+-------+-------++-------
Melee: Falchion          |    12 |    19 |    20 ||    51
       Unarmed           |     3 |       |       ||     3
Invok: Berserk           |     1 |     3 |     2 ||     6
Evoke: Wand              |       |       |     1 ||     1
  Use: Potion            |     1 |       |       ||     1
       Scroll            |       |       |     3 ||     3
  Eat: Chunk             |       |     1 |       ||     1
       Ration            |       |       |     1 ||     1
Armor: Animal skin       |     1 |       |       ||     1
       Leather armour    |       |     1 |     9 ||    10
Dodge: Dodged            |     3 |     8 |    16 ||    27
       Rpst.: Falchion   |     2 |     4 |       ||     6
